 Dungeon Crawl Stone Soup version 0.28-a0-172-g787e458d71 (webtiles) character file.

Game seed: 14849020272042476894

43 rabbitsville the Firebug (level 3, 0/26 HPs)
             Began as a Hill Orc Fire Elementalist on Aug 16, 2021.
             Succumbed to an adder's poison
             ... on level 2 of the Dungeon.
             The game lasted 00:07:24 (1513 turns).

rabbitsville the Firebug (HOFE)                     Turns: 1513, Time: 00:07:24

Health: 0/26       AC:  2    Str: 10    XL:     3   Next: 58%
Magic:  6/6        EV: 11    Int: 16    God:
Gold:   37         SH:  3    Dex: 11    Spells: 5/6 levels left

rFire   . . .      SeeInvis .   d - +4 flail (protect)
rCold   . . .      Faith    .   f - +0 buckler
rNeg    . . .      Spirit   .   a - +0 robe
rPois   .          Reflect  .   (no helmet)
rElec   .          Harm     .   (no cloak)
rCorr   .          Rampage  .   (no gloves)
Will    .....                   (no boots)
Stlth   ++........              (no amulet)
HPRegen 0.08/turn               (no ring)
MPRegen 0.10/turn               (no ring)

@: mighty, lethally poisoned (0 -> -3)
A: no striking features
a: no special abilities


You were on level 2 of the Dungeon.
You visited 1 branch of the dungeon, and saw 2 of its levels.

You collected 37 gold pieces.

Inventory:

Hand Weapons
 d - a +4 flail of protection (weapon)
Missiles
 j - 2 poisoned darts
Armour
 a - a +0 robe (worn)
 f - a +0 buckler (worn)
Scrolls
 b - a scroll of enchant weapon {unknown}
 h - a scroll of vulnerability {unknown}
 k - a scroll of fog {unknown}
Potions
 c - a potion of invisibility {unknown}
 e - a potion of might
 i - 2 potions of curing {unknown}


   Skills:
 + Level 1.1 Maces & Flails
 - Level 1.5 Dodging
 - Level 1.5 Stealth
 + Level 2.0 Spellcasting
 * Level 2.2 Conjurations
 + Level 3.6 Fire Magic


You had 5 spell levels left.
You knew the following spells:

 Your Spells              Type           Power      Damage    Failure   Level
a - Foxfire               Conj/Fire      44%        2x1d6     11%         1

Your spell library contained the following spells:

 Spells                   Type           Power      Damage    Failure   Level
 Conjure Flame            Conj/Fire      11%        6-21      30%         3
 Inner Flame              Hex/Fire       7%         N/A       43%         3
 Sticky Flame             Conj/Fire      11%        2d3       71%         4
 Fireball                 Conj/Fire      5%         3d5       96%         5


Dungeon Overview and Level Annotations

Branches:
Dungeon (2/15)

Altars:


Message History

k - a scroll labelled NOAXTI VETHRANEER You open the door.
An adder comes into view.
There is an open door here.
Casting: Foxfire (safe; 11% risk of failure)
Confirm with . or Enter, or press ? or * to list all spells.
You conjure some foxfire!
The foxfire hits the adder.
The adder is lightly wounded.
There is an open door here.
Your foxfire dissipates!
There is an open door here.
The adder bites you. The adder closely misses you.
You completely miss the adder.
The adder is lightly wounded.
The adder bites you. x2
You are poisoned.
The adder poisons you!
You barely miss the adder.
The adder is lightly wounded.
You feel sick. The adder bites you.
You closely miss the adder.
The adder is lightly wounded.
You feel sick. The adder barely misses you. The adder bites you.
You are lethally poisoned!
The adder poisons you!
* * * LOW HITPOINT WARNING * * *
You feel sick.
There is an open door here.
* * * LOW HITPOINT WARNING * * *
You feel sick. The adder closely misses you.
Okay, then.
As you read the scroll labelled ZOOQEKAZXESH, it crumbles to dust.
You speak a Word of immense power!
It was a scroll of holy word.
* * * LOW HITPOINT WARNING * * *
You feel sick. The adder bites you.
* * * LOW HITPOINT WARNING * * *
It was a potion of might.
You feel very mighty all of a sudden.
You die...

#### ##### .....
....#################.....
....'.....................
....##########............
....# #............ ....#
#............ #####
#..@....##### ###S#####
#..# ##.# ..# #.# .. #.#
## ..


You could see an adder.

Vanquished Creatures
  A ball python (D:1)
  3 bats
  2 endoplasms (D:1)
  3 giant cockroaches (D:1)
  3 goblins (D:1)
  4 hobgoblins (D:1)
  11 jackals (D:1)
  2 quokkas (D:1)
  2 kobolds (D:1)
  3 rats (D:1)
34 creatures vanquished.

Vanquished Creatures (others)
  5 foxfires
5 creatures vanquished.

Grand Total: 39 creatures vanquished

Notes
Turn   | Place    | Note
-------+----------+-------------------------------------------
     0 | D:1      | rabbitsville the Hill Orc Fire Elementalist began the quest
                  | for the Orb.
     0 | D:1      | Reached XP level 1. HP: 14/14 MP: 3/3
   320 | D:1      | Reached XP level 2. HP: 20/20 MP: 4/4
   743 | D:1      | Reached XP level 3. HP: 24/26 MP: 5/5
   927 | D:1      | Found a faded altar of an unknown god.
   945 | D:1      | Reached skill level 1 in Maces & Flails
  1512 | D:2      | HP: 1/26 [adder (2)]
  1513 | D:2      | Succumbed to an adder's poison

Illustrated notes

Levels and vault maps discovered:
D:1:      minmay_arrival_cross, layout_basic, basic_ecumenical_altar
D:2:      layout_basic, minmay_distorted, uniq_terence

Skill      XL: |  1  2  3 |
---------------+----------+-----
Conjurations   | 2 |  2.2
Maces & Flails | 1 |  1.1
Spellcasting   | 2 |  2.0
Dodging        | |  1.5
Stealth        | |  1.5
Fire Magic     | |  3.6

Action                   || total
-------------------------++-------
Melee: Dagger            ||    21
       Unarmed           ||     4
       Flail             ||    84
 Cast: Foxfire           ||     5
  Use: Scroll            ||     1
       Potion            ||     1
 Stab: Sleeping          ||     1
Armor: Robe              ||    40
Dodge: Dodged            ||    88
Block: Buckler           ||     1

Table legend: (Time is in decaauts)
 A = Elapsed time spent in this place.
 B = Non-inter-level travel time spent in this place.
 C = Inter-level travel time spent in this place.
 D = Time resting spent in this place.
 E = Time spent auto-exploring this place.
 F = Levels seen in this place.
 G = Mean time per level.
                   A        B        C        D        E       F      G
               +--------+--------+--------+--------+--------+-----+--------+
         Total |   1544 |   1445 |     99 |    379 |    476 |   2 |  772.0 |
       Dungeon |   1544 |   1445 |     99 |    379 |    476 |   2 |  772.0 |
               +--------+--------+--------+--------+--------+-----+--------+

Top non-repeatable levels by time:
     D:1: 1400 daAuts
     D:2: 143 daAuts
